 Dungeon Crawl Stone Soup version 0.28-a0-687-gb91baff9cc (webtiles) character file.

Game seed: 9613774963341449417

9 kae the Ruffian (level 2, -19/23 HPs)
             Began as a Draconian Transmuter on Oct 19, 2021.
             Killed by an exploding orc (42 damage)
             ... ignited by their inner flame
             ... on level 2 of the Dungeon.
             The game lasted 00:00:24 (392 turns).

kae the Ruffian (Draconian Transmuter)               Turns: 392, Time: 00:00:25

Health: -19/23     AC:  4    Str: 12    XL:     2   Next: 3%
Magic:  4/5        EV: 12    Int: 13    God:
Gold:   15         SH:  0    Dex: 11    Spells: 4/5 levels left

rFire   . . .      SeeInvis .     - Unarmed
rCold   . . .      Faith    .   (no shield)
rNeg    . . .      Spirit   .   (armour unavailable)
rPois   .          Reflect  .   (helmet currently unavailable)
rElec   .          Harm     .   (no cloak)
rCorr   .          Rampage  .   (no gloves)
Will    .....                   (boots currently unavailable)
Stlth   +.........              (no amulet)
HPRegen 0.07/turn               (no ring)
MPRegen 0.09/turn               (no ring)

@: appendages
A: horns 2, talons 2, AC +4, unfitting armour, cold-blooded
a: End Transformation


You were on level 2 of the Dungeon.
You had temporarily grown beastly horns and talons.
You visited 1 branch of the dungeon, and saw 2 of its levels.

You collected 15 gold pieces.

Inventory:

Jewellery
 a - a ring of willpower


   Skills:
 + Level 1.4 Fighting
 - Level 1.7 Dodging
 * Level 3.3 Unarmed Combat
 - Level 2.0 Spellcasting
 + Level 2.2 Transmutations


You had 4 spell levels left.
You knew the following spells:

 Your Spells              Type           Power      Damage    Failure   Level
a - Beastly Appendage     Tmut           14%        N/A       11%         1

Your spell library contained the following spells:

 Spells                   Type           Power      Damage    Failure   Level
 Wereblood                Tmut           7%         N/A       16%         2
 Spider Form              Tmut/Pois      2%         N/A       43%         3
 Ice Form                 Ice/Tmut       4%         N/A       85%         4


Dungeon Overview and Level Annotations

Branches:
Dungeon (1/15)

Altars:


Innate Abilities, Weirdness & Mutations

You have temporarily grown beastly horns and talons.
Your plain brown scales are hard. (AC +4)
You cannot fit into any form of body armour.
You are cold-blooded and may be slowed by cold attacks.


Message History

You have reached level 2!
Your transformation is almost over.
Your horns disappear.
Your talons disappear.
Things that are here:
a +0 short sword; a kobold corpse You now have 15 gold pieces (gained 11).
Found a scale mail.
Found 28 arrows.
c - a scroll labelled TIP EBLUAT
Found a stone staircase leading down.
Found 28 stones.
Items here: )) ÷÷.
Key pressed, stopping explore.
You fall into a shaft and drop 1 floor!
The shaft crumbles and collapses.
A bat and an orc come into view.
The orc shouts!
Found an escape hatch in the ceiling.
Casting: Beastly Appendage (safe; 11% risk of failure)
Confirm with . or Enter, or press ? or * to list all spells.
You grow a pair of large bovine horns.
Your feet morph into talons.
The bat closely misses you.
An orc comes into view. It is wielding a +0 short sword.
The bat barely misses you.
You closely miss the bat. You headbutt the bat.
You kill the bat!
An orc priest comes into view.
It is wielding a +1 hand axe of freezing.
The orc shouts!
The orc priest shouts!
You hear a shout!
As you read the scroll labelled BYOG IQYMME, it crumbles to dust.
The creatures around you are filled with an inner flame!
It was a scroll of immolation.
An orc comes into view. It is wielding a +0 falchion.
As you read the scroll labelled TIP EBLUAT, it crumbles to dust.
It is a scroll of identify.
You don't have any unidentified items.
You hit the orc.
Flame seeps out of the orc.
You claw the orc.
The orc explodes!
The fiery explosion engulfs you!!!
Ouch! That really hurt!
You die...

##### #######
.....§#§....##
.....§○@.†...#
...o..§§......#
..............#
.o............#
...o..........#
...<..........#
..............#
.............##


You could see an orc priest (inner flame) and 2 orcs.

Vanquished Creatures
  An orc (D:2)
  2 goblins (D:1)
  A hobgoblin (D:1)
  A ball python (D:1)
  2 bats
  3 kobolds (D:1)
  A rat (D:1)
11 creatures vanquished.

Notes
Turn   | Place    | Note
-------+----------+-------------------------------------------
     0 | D:1      | kae the Draconian Transmuter began the quest for the Orb.
     0 | D:1      | Reached XP level 1. HP: 16/16 MP: 3/3
   198 | D:1      | Reached XP level 2. HP: 22/23 MP: 3/5
   384 | D:1      | You fall into a shaft and drop 1 floor!
   392 | D:2      | Killed by an exploding orc... ignited by their inner flame

Illustrated notes

Levels and vault maps discovered:
D:1:      dpeg_arrival_pits, layout_basic, minivault_23
D:2:      layout_rooms

Action                   || total
-------------------------++-------
Melee: Unarmed           ||    21
       Kick              ||     3
       Headbutt          ||     2
 Cast: Beastly Appendage ||     8
  Use: Scroll            ||     2
Armor: Skin              ||     4
Dodge: Dodged            ||    13

Table legend: (Time is in decaauts)
 A = Elapsed time spent in this place.
 B = Non-inter-level travel time spent in this place.
 C = Inter-level travel time spent in this place.
 D = Time resting spent in this place.
 E = Time spent auto-exploring this place.
 F = Levels seen in this place.
 G = Mean time per level.
                   A        B        C        D        E       F      G
               +--------+--------+--------+--------+--------+-----+--------+
         Total |    390 |    390 |      0 |      0 |    317 |   2 |  195.0 |
       Dungeon |    390 |    390 |      0 |      0 |    317 |   2 |  195.0 |
               +--------+--------+--------+--------+--------+-----+--------+

Top non-repeatable levels by time:
     D:1: 382 daAuts
     D:2: 7 daAuts
